TOP OF THE 1ST |
Mississippi State University Bulldogs batting - Pitching for Louisiana State University Tigers : LHP Jabari Harris
|
Pitching: LHP Jabari Harris
|
|
Batting: RHB Eric Riley
|
0-0: Called Strike 0-1: Ball 1-1: Called Strike 1-2: Strikes out looking
|
Batting: RHB Masahito Sunada
|
0-0: Ball 1-0: Ground out 5-3 (Groundball, 56, EV 81.9 MPH)
|
Batting: RHB Alvin Abarca
|
0-0: Ball 1-0: Ball 2-0: Called Strike 2-1: Fly out, F4 (Line Drive, 4M, EV 63.8 MPH)
|
Top of the 1st over - 0 runs, 0 hits, 0 errors, 0 left on base; Mississippi State University 0 - Louisiana State University 0 |
BOTTOM OF THE 1ST |
Louisiana State University Tigers batting - Pitching for Mississippi State University Bulldogs : LHP Josh Doyle
|
Pitching: LHP Josh Doyle
|
|
Batting: LHB Elijah Mallandain
|
0-0: Called Strike 0-1: Ball 1-1: Foul Ball, location: 2F 1-2: Fly out, F8 (Flyball, 89M, EV 88.8 MPH)
|
Batting: RHB Pete Roberts
|
0-0: Ball 1-0: Called Strike 1-1: Swinging Strike 1-2: Foul Ball, location: 2F 1-2: Ball 2-2: Strikes out swinging
|
Batting: RHB Byung-hee Jee
|
0-0: Swinging Strike 0-1: Ground out 4-3 (Groundball, 4, EV 81.9 MPH)
|
Bottom of the 1st over - 0 runs, 0 hits, 0 errors, 0 left on base; Mississippi State University 0 - Louisiana State University 0 |
TOP OF THE 2ND |
Mississippi State University Bulldogs batting - Pitching for Louisiana State University Tigers : LHP Jabari Harris
|
Batting: LHB Danny Shanahan
|
0-0: Called Strike 0-1: Foul Ball, location: 2F 0-2: Ball 1-2: Strikes out swinging
|
Batting: RHB Josh Simmons
|
0-0: Ball 1-0: Ball 2-0: Ball 3-0: Called Strike 3-1: Ground out 5-3 (Groundball, 56S, EV 87.5 MPH)
|
Batting: LHB Ricardo Ramos
|
0-0: Ball 1-0: Ball 2-0: Foul Ball, location: 2F 2-1: Ground out 4-3 (Groundball, 4, EV 90.0 MPH)
|
Top of the 2nd over - 0 runs, 0 hits, 0 errors, 0 left on base; Mississippi State University 0 - Louisiana State University 0 |
BOTTOM OF THE 2ND |
Louisiana State University Tigers batting - Pitching for Mississippi State University Bulldogs : LHP Josh Doyle
|
Batting: RHB Leo Roldan
|
0-0: Ball 1-0: Ball 2-0: Ground out 6-3 (Groundball, 6, EV 102.5 MPH)
|
Batting: RHB Stewart Walker
|
0-0: Ball 1-0: Swinging Strike 1-1: Foul Ball, location: 2F 1-2: Strikes out swinging
|
Batting: LHB Manny Grado
|
0-0: Ground out 6-3 (Groundball, 6M, EV 89.4 MPH)
|
Bottom of the 2nd over - 0 runs, 0 hits, 0 errors, 0 left on base; Mississippi State University 0 - Louisiana State University 0 |
TOP OF THE 3RD |
Mississippi State University Bulldogs batting - Pitching for Louisiana State University Tigers : LHP Jabari Harris
|
Batting: RHB Logan Strassburg
|
0-0: Ball 1-0: Foul Ball, location: 2F 1-1: Called Strike 1-2: Fly out, F8 (Flyball, 8RD, EV 75.0 MPH)
|
Batting: RHB Karl Lukasiewicz
|
0-0: Ball 1-0: Ball 2-0: Ball 3-0: Called Strike 3-1: Foul Ball, location: 2F 3-2: SINGLE (Flyball, 6MD, EV 96.9 MPH)
|
Batting: LHB Vinnie Kalman
|
0-0: Ball 1-0: Called Strike 1-1: Called Strike 1-2: Fielders Choice at 2nd, 4-6 (Groundball, 4, EV 105.6 MPH)
|
Batting: RHB Eric Riley
|
0-0: Called Strike 0-1: Ball 1-1: Called Strike 1-2: Ball Vinnie Kalman is caught stealing 2nd base 2-4
|
Top of the 3rd over - 0 runs, 1 hit, 0 errors, 0 left on base; Mississippi State University 0 - Louisiana State University 0 |
BOTTOM OF THE 3RD |
Louisiana State University Tigers batting - Pitching for Mississippi State University Bulldogs : LHP Josh Doyle
|
Batting: SHB Brian Caruso
|
0-0: Ball 1-0: Foul Ball, location: 2F 1-1: SINGLE (Flyball, 7LS, EV 90.6 MPH)
|
Batting: LHB Jon Valdez
|
0-0: Called Strike 0-1: Swinging Strike 0-2: Strikes out swinging
|
Batting: SHB Paul Blaylock
|
0-0: Ball 1-0: Foul Ball, location: 2F 1-1: Ball 2-1: Called Strike 2-2: Strikes out swinging
|
Batting: LHB Elijah Mallandain
|
0-0: Foul Ball, location: 2F 0-1: SINGLE (Groundball, 56D, EV 91.9 MPH) (infield hit) Brian Caruso to second
|
Batting: RHB Pete Roberts
|
0-0: Ball 1-0: Foul Ball, location: 2F 1-1: SINGLE (Groundball, 6MS, EV 82.5 MPH) (infield hit) Brian Caruso to third Elijah Mallandain to second
|
Batting: RHB Byung-hee Jee
|
0-0: Foul Ball, location: 2F 0-1: Ball 1-1: Fly out, F8 (Flyball, 8LM, EV 78.8 MPH)
|
Bottom of the 3rd over - 0 runs, 3 hits, 0 errors, 3 left on base; Mississippi State University 0 - Louisiana State University 0 |
TOP OF THE 4TH |
Mississippi State University Bulldogs batting - Pitching for Louisiana State University Tigers : LHP Jabari Harris
|
Batting: RHB Eric Riley
|
0-0: Ball 1-0: Ball 2-0: Called Strike 2-1: DOUBLE (Flyball, 9LD, EV 106.9 MPH)
|
Batting: RHB Masahito Sunada
|
0-0: Called Strike 0-1: Called Strike 0-2: Ball 1-2: SINGLE (Line Drive, 4D, EV 95.0 MPH) Eric Riley to third
|
Batting: RHB Alvin Abarca
|
0-0: Ball 1-0: Ball 2-0: Foul Ball, location: 2F 2-1: 3-RUN HOME RUN (Flyball, 7LD, EV 96.9 MPH), Distance : 342 ft
|
Batting: LHB Danny Shanahan
|
0-0: Called Strike 0-1: DOUBLE (Groundball, 3L, EV 108.8 MPH)
|
Batting: RHB Josh Simmons
|
0-0: Fly out, F9 (Flyball, 89M, EV 83.1 MPH)
|
Batting: LHB Ricardo Ramos
|
0-0: Ball 1-0: Ball 2-0: Called Strike 2-1: Foul Ball, location: 2F 2-2: Ball 3-2: Ground out 5-3 (Groundball, 5, EV 81.9 MPH)
|
Batting: RHB Logan Strassburg
|
0-0: Called Strike 0-1: Ball 1-1: Foul Ball, location: 2F 1-2: Ball 2-2: Fly out, F8 (Flyball, 89M, EV 81.9 MPH)
|
Top of the 4th over - 3 runs, 4 hits, 0 errors, 1 left on base; Mississippi State University 3 - Louisiana State University 0 |
BOTTOM OF THE 4TH |
Louisiana State University Tigers batting - Pitching for Mississippi State University Bulldogs : LHP Josh Doyle
|
Batting: RHB Leo Roldan
|
0-0: Ball 1-0: Ball 2-0: Ball 3-0: Base on Balls
|
Batting: RHB Stewart Walker
|
0-0: Called Strike 0-1: Swinging Strike 0-2: Strikes out looking
|
Batting: LHB Manny Grado
|
0-0: Foul Ball, location: 2F 0-1: Ball 1-1: Called Strike 1-2: Foul Ball, location: 2F 1-2: Ball Leo Roldan is caught stealing 2nd base 2-6 2-2: Foul Ball, location: 2F 2-2: Strikes out swinging
|
Bottom of the 4th over - 0 runs, 0 hits, 0 errors, 0 left on base; Mississippi State University 3 - Louisiana State University 0 |
TOP OF THE 5TH |
Mississippi State University Bulldogs batting - Pitching for Louisiana State University Tigers : LHP Jabari Harris
|
Batting: RHB Karl Lukasiewicz
|
0-0: Called Strike 0-1: Ball 1-1: Ground out 4-3 (Groundball, 4, EV 101.9 MPH)
|
Batting: LHB Vinnie Kalman
|
0-0: Foul Ball, location: 2F 0-1: Ball 1-1: Ground out 5-3 (Groundball, 56, EV 89.4 MPH)
|
Pitching: RHP Mike Moore
|
|
Batting: RHB Eric Riley
|
0-0: Foul Ball, location: 2F 0-1: Ball 1-1: Swinging Strike 1-2: Reached on error, E5 (Groundball, 5S, EV 88.1 MPH)
|
Batting: RHB Masahito Sunada
|
0-0: Foul Ball, location: 2F 0-1: SINGLE (Groundball, 56D, EV 95.0 MPH) Eric Riley to third Runner from 3rd tries for Home, SAFE, throw by LF to home Masahito Sunada to second
|
Batting: RHB Alvin Abarca
|
0-0: Ball 1-0: Swinging Strike 1-1: Swinging Strike 1-2: Ball 2-2: Ball 3-2: Fly out, F8 (Flyball, 8RM, EV 91.9 MPH)
|
Top of the 5th over - 1 run, 1 hit, 1 error, 1 left on base; Mississippi State University 4 - Louisiana State University 0 |
BOTTOM OF THE 5TH |
Louisiana State University Tigers batting - Pitching for Mississippi State University Bulldogs : LHP Josh Doyle
|
Batting: SHB Brian Caruso
|
0-0: Called Strike 0-1: Foul Ball, location: 2F 0-2: Ball 1-2: Strikes out looking
|
Batting: LHB Jon Valdez
|
0-0: Ball 1-0: Fly out, F8 (Flyball, 8LD, EV 91.9 MPH)
|
Batting: SHB Paul Blaylock
|
0-0: Foul Ball, location: 2F 0-1: Swinging Strike 0-2: Foul Ball, location: 2F 0-2: Ball 1-2: Fly out, F8 (Flyball, 8RD, EV 91.9 MPH)
|
Bottom of the 5th over - 0 runs, 0 hits, 0 errors, 0 left on base; Mississippi State University 4 - Louisiana State University 0 |
TOP OF THE 6TH |
Mississippi State University Bulldogs batting - Pitching for Louisiana State University Tigers : RHP Mike Moore
|
Batting: LHB Danny Shanahan
|
0-0: Ball 1-0: Swinging Strike 1-1: Foul Ball, location: 2F 1-2: Foul Ball, location: 2F 1-2: Ball 2-2: Foul Ball, location: 2F 2-2: Strikes out swinging
|
Batting: RHB Josh Simmons
|
0-0: SINGLE (Line Drive, 34D, EV 96.2 MPH)
|
Batting: LHB Ricardo Ramos
|
0-0: Foul Ball, location: 2F 0-1: Swinging Strike 0-2: Strikes out looking
|
Batting: RHB Logan Strassburg
|
0-0: Called Strike 0-1: Ball 1-1: Ball 2-1: Fielders Choice at 2nd, 5-4 (Groundball, 56, EV 107.5 MPH)
|
Top of the 6th over - 0 runs, 1 hit, 0 errors, 1 left on base; Mississippi State University 4 - Louisiana State University 0 |
BOTTOM OF THE 6TH |
Louisiana State University Tigers batting - Pitching for Mississippi State University Bulldogs : LHP Josh Doyle
|
Batting: LHB Elijah Mallandain
|
0-0: Ball 1-0: Called Strike 1-1: Ground out U3 (Groundball, 23, EV 85.0 MPH)
|
Batting: RHB Pete Roberts
|
0-0: Fly out, F9 (Flyball, 89S, EV 92.5 MPH)
|
Batting: RHB Byung-hee Jee
|
0-0: Called Strike 0-1: Ground out 5-3 (Groundball, 56S, EV 93.1 MPH)
|
Bottom of the 6th over - 0 runs, 0 hits, 0 errors, 0 left on base; Mississippi State University 4 - Louisiana State University 0 |
TOP OF THE 7TH |
Mississippi State University Bulldogs batting - Pitching for Louisiana State University Tigers : RHP Mike Moore
|
Pitching: RHP Jeremy Kolb
|
|
Batting: RHB Karl Lukasiewicz
|
0-0: Called Strike 0-1: Hit by Pitch
|
Batting: LHB Vinnie Kalman
|
0-0: Bunt missed! 0-1: Ball 1-1: Bunt - Flyout to 13S! F1
|
Batting: RHB Eric Riley
|
0-0: Called Strike 0-1: Called Strike 0-2: SINGLE (Line Drive, 8RM, EV 101.2 MPH) Karl Lukasiewicz to second
|
Batting: RHB Masahito Sunada
|
0-0: Foul Ball, location: 2F 0-1: Ball 1-1: Fly out, F9 (Flyball, 89M, EV 87.5 MPH)
|
Batting: RHB Alvin Abarca
|
0-0: Ball 1-0: Ball 2-0: Ball 3-0: Called Strike 3-1: Base on Balls Karl Lukasiewicz to third Eric Riley to second
|
Batting: LHB Danny Shanahan
|
0-0: Ball 1-0: Swinging Strike 1-1: Ball 2-1: Ball 3-1: Foul Ball, location: 2F 3-2: Fly out, F7 (Line Drive, 7, EV 100.0 MPH)
|
Top of the 7th over - 0 runs, 1 hit, 0 errors, 3 left on base; Mississippi State University 4 - Louisiana State University 0 |
BOTTOM OF THE 7TH |
Louisiana State University Tigers batting - Pitching for Mississippi State University Bulldogs : LHP Josh Doyle
|
Pitching: RHP Randy Richardson
|
|
Batting: RHB Leo Roldan
|
0-0: Ground out 6-3 (Groundball, 6S, EV 82.5 MPH)
|
Batting: RHB Stewart Walker
|
0-0: Foul Ball, location: 2F 0-1: Ball 1-1: Foul Ball, location: 2F 1-2: Fly out, F9 (Flyball, 89S, EV 83.8 MPH)
|
Batting: LHB Manny Grado
|
0-0: Called Strike 0-1: Swinging Strike 0-2: Ball 1-2: Foul Ball, location: 2F 1-2: Strikes out swinging
|
Bottom of the 7th over - 0 runs, 0 hits, 0 errors, 0 left on base; Mississippi State University 4 - Louisiana State University 0 |
TOP OF THE 8TH |
Mississippi State University Bulldogs batting - Pitching for Louisiana State University Tigers : RHP Jeremy Kolb
|
Pitching: LHP Bob Arms
|
|
Batting: RHB Josh Simmons
|
0-0: Ball 1-0: Swinging Strike 1-1: Swinging Strike 1-2: Foul Ball, location: 2F 1-2: Hit by Pitch
|
Batting: LHB Ricardo Ramos
|
0-0: Foul Ball, location: 2F 0-1: Foul Ball, location: 2F 0-2: Ball 1-2: Ball 2-2: Ball 3-2: Fielders Choice at 2nd, 4-6 (Groundball, 4, EV 85.6 MPH)
|
Batting: RHB Logan Strassburg
|
0-0: Ball 1-0: Ball 2-0: Ball 3-0: Base on Balls Ricardo Ramos to second
|
Batting: RHB Karl Lukasiewicz
|
0-0: Ball 1-0: Ball 2-0: Called Strike 2-1: Fly out, F8 (Flyball, 8RM, EV 88.8 MPH)
|
Pitching: LHP Gianpaolo Capirossi
|
|
Batting: LHB Vinnie Kalman
|
0-0: Ball 1-0: Ball 2-0: Ball 3-0: Base on Balls Ricardo Ramos to third Logan Strassburg to second
|
Batting: RHB Eric Riley
|
0-0: Called Strike 0-1: Ball 1-1: Called Strike 1-2: Ball 2-2: Ball 3-2: GRAND SLAM HOME RUN (Flyball, 78XD, EV 103.8 MPH), Distance : 408 ft
|
Batting: RHB Masahito Sunada
|
0-0: Called Strike 0-1: SINGLE (Groundball, 4D, EV 104.4 MPH)
|
Batting: RHB Alvin Abarca
|
0-0: Called Strike 0-1: Called Strike 0-2: Ball 1-2: DOUBLE (Line Drive, 78D, EV 103.1 MPH) Masahito Sunada to third Runner from 3rd tries for Home, SAFE, throw by LF to trailing runner, SAFE at third!
|
Batting: LHB Danny Shanahan
|
0-0: Fly out, F8 (Flyball, 89M, EV 84.4 MPH)
|
Top of the 8th over - 5 runs, 3 hits, 0 errors, 1 left on base; Mississippi State University 9 - Louisiana State University 0 |
BOTTOM OF THE 8TH |
Louisiana State University Tigers batting - Pitching for Mississippi State University Bulldogs : RHP Randy Richardson
|
Batting: SHB Brian Caruso
|
0-0: Ball 1-0: Called Strike 1-1: Called Strike 1-2: Ball 2-2: Strikes out swinging
|
Batting: LHB Jon Valdez
|
0-0: Foul Ball, location: 2F 0-1: Fly out, F8 (Flyball, 89M, EV 92.5 MPH)
|
Batting: SHB Paul Blaylock
|
0-0: Ball 1-0: Swinging Strike 1-1: Called Strike 1-2: Ball 2-2: Fly out, F7 (Flyball, 78M, EV 86.9 MPH)
|
Bottom of the 8th over - 0 runs, 0 hits, 0 errors, 0 left on base; Mississippi State University 9 - Louisiana State University 0 |
TOP OF THE 9TH |
Mississippi State University Bulldogs batting - Pitching for Louisiana State University Tigers : LHP Gianpaolo Capirossi
|
Batting: RHB Josh Simmons
|
0-0: Ball 1-0: Ball 2-0: Foul Ball, location: 2F 2-1: Ball 3-1: Called Strike 3-2: Reached on error, E4 (Groundball, 4, EV 90.0 MPH)
|
Batting: LHB Ricardo Ramos
|
0-0: Ball 1-0: Fly out, F7 (Flyball, 78S, EV 87.5 MPH)
|
Batting: RHB Logan Strassburg
|
0-0: Ball 1-0: Swinging Strike 1-1: Called Strike 1-2: Ball 2-2: Ball 3-2: Fly out, F8 (Flyball, 8LM, EV 89.4 MPH)
|
Pitching: RHP Sal Ganzalez
|
|
Batting: RHB Karl Lukasiewicz
|
0-0: Called Strike 0-1: Ground out 1-3 (Groundball, 34S, EV 64.4 MPH)
|
Top of the 9th over - 0 runs, 0 hits, 1 error, 1 left on base; Mississippi State University 9 - Louisiana State University 0 |
BOTTOM OF THE 9TH |
Louisiana State University Tigers batting - Pitching for Mississippi State University Bulldogs : RHP Randy Richardson
|
Batting: LHB Elijah Mallandain
|
0-0: Ball 1-0: Foul Ball, location: 2F 1-1: Foul Ball, location: 2F 1-2: Foul Ball, location: 2F 1-2: Ball 2-2: Ball 3-2: Ground out U3 (Groundball, 3, EV 88.8 MPH)
|
Batting: RHB Pete Roberts
|
0-0: Ground out 4-3 (Groundball, 4, EV 83.1 MPH)
|
Batting: RHB Byung-hee Jee
|
0-0: Called Strike 0-1: Fly out, F7 (Line Drive, 7S, EV 105.6 MPH)
|
Bottom of the 9th over - 0 runs, 0 hits, 0 errors, 0 left on base; Mississippi State University 9 - Louisiana State University 0 |
|